 Dungeon Crawl Stone Soup version 0.31-a0-408-gb642c7f9a3 (webtiles) character file.

Game seed: 10444335283041280187

44 shadowstone the Caller (level 3, 0/26 HPs)
             Began as a Draconian Summoner on July 29, 2023.
             Succumbed to a gnoll's poison
             ... on level 2 of the Dungeon.
             The game lasted 00:03:33 (1300 turns).

shadowstone the Caller (Draconian Summoner)         Turns: 1300, Time: 00:03:33

Health: 0/26       AC:  9    Str: 10    XL:     3   Next: 41%
Magic:  6/6        EV: 12    Int: 17    God:
Gold:   36         SH:  0    Dex: 11    Spells: 5/6 levels left

rFire   . . .        i - +0 flail
rCold   . . .        (no shield)
rNeg    . . .        (body armour unavailable)
rPois   .            (helmet restricted)
rElec   .            (no cloak)
rCorr   +            (no gloves)
SInv    .            (no boots)
Will    .....        (no amulet)
Stlth   ++           e - +4 ring of protection
HPRegen 0.24/turn    h - ring of resist corrosion
MPRegen 0.10/turn

%: no passive effects
@: lethally poisoned (0 -> -21)
A: AC +5, unfitting armour, cold-blooded
a: no special abilities


You were on level 2 of the Dungeon.
You visited 1 branch of the dungeon, and saw 2 of its levels.

You collected 36 gold pieces.

Inventory:

Hand Weapons
 i - a +0 flail (weapon)
Jewellery
 e - a +4 ring of protection (left hand)
 h - a ring of resist corrosion (right hand)
Scrolls
 b - a scroll of identify {unknown}
 f - a scroll of revelation {unknown}
Potions
 a - a potion of magic
 c - a potion of berserk rage {unknown}
 d - a potion of mutation {unknown}
 g - a potion of lignification {unknown}


   Skills:
 + Level 0.1 Fighting
 + Level 2.1 Dodging
 + Level 1.9 Stealth
 + Level 0.7 Unarmed Combat
 + Level 2.2 Spellcasting
 + Level 4.7 Summonings


You had 5 spell levels left.
You knew the following spells:

 Your Spells              Type           Power      Damage    Failure   Level
a - Summon Small Mammal   Summ           72%        N/A       2%          1

Your spell library contained the following spells:

 Spells                   Type           Power      Damage    Failure   Level
 Call Imp                 Summ           36%        N/A       4%          2
 Call Canine Familiar     Summ           18%        N/A       9%          3
 Summon Guardian Golem    Hex/Summ       9%         N/A       22%         3
 Summon Lightning Spire   Summ/Air       9%         N/A       56%         4


Dungeon Overview and Level Annotations

Branches:
Dungeon (2/15)

Altars:


Innate Abilities, Weirdness & Mutations

Your plain brown scales are hard. (AC +5)
You cannot fit into any form of body armour.
You are cold-blooded and may be slowed by cold attacks.


Message History

The gnoll is severely wounded.
The gnoll barely misses you.
Your quokka bites the gnoll.
Your quokka completely misses the gnoll.
You barely miss the gnoll.
The gnoll is severely wounded.
Your quokka bites the gnoll. x2
The gnoll dies!
You see here a +0 flail.
i - a +0 flail
i - a +0 flail (weapon)
There is a stone staircase leading down here.
You climb downwards.
Your summoned allies are left behind.
The gnoll closely misses you.
There is a stone staircase leading up here.
The gnoll misses you. The worm barely misses you.
You barely miss the worm. The gnoll hits you but does no damage.
You are poisoned.
The gnoll hits you but does no damage. The worm misses you.
You hit the worm.
The worm is lightly wounded.
You feel very sick. The gnoll hits you but does no damage.
The worm barely misses you.
You barely miss the worm.
You feel sick. The gnoll closely misses you.
The gnoll hits you but does no damage.
You are more poisoned.
The worm bites you.
You hit the worm.
The worm is moderately wounded.
You feel very sick. The gnoll barely misses you.
You barely miss the worm.
The worm is moderately wounded.
You feel very sick.
The gnoll hits you with a +0 whip of venom.
* * * LOW HITPOINT WARNING * * *
You are more poisoned.
The worm bites you but does no damage.
You hit the worm.
The worm is severely wounded.
You die...

#.......... ###
#..†....... ... #.#
#.......... ... #.#
#..).......
....######.####
#..........
...#...).....#
#..........
............#
###†..#####
#......g..####..###
# #.....@<..#....##
# #<....w.....####
.
.................##
.
...####....>.....#
.. ##..#.#.##.# g#
#........... .g
#.....#...####
..........##
.###....#.#


You could see a worm and a gnoll.

Vanquished Creatures
  2 dart slugs (D:1)
  3 bats (D:1)
  2 giant cockroaches (D:1)
  2 goblins (D:1)
  A hobgoblin (D:1)
  3 jackals (D:2)
  2 kobolds
  A rat (D:1)
16 creatures vanquished.

Vanquished Creatures (collateral kills)
  A gnoll (D:1)
  4 endoplasms (D:1)
  A giant cockroach (D:1)
  A goblin (D:1)
  2 rats (D:1)
9 creatures vanquished.

Grand Total: 25 creatures vanquished

Notes
Turn   | Place    | Note
-------+----------+-------------------------------------------
     0 | D:1      | shadowstone the Draconian Summoner began the quest for the
                  | Orb.
     0 | D:1      | Reached XP level 1. HP: 14/14 MP: 3/3
   144 | D:1      | Reached XP level 2. HP: 14/20 MP: 1/5
   678 | D:1      | Reached XP level 3. HP: 12/26 MP: 2/6
  1300 | D:2      | Succumbed to a gnoll's poison

Illustrated notes

Levels and vault maps discovered:
D:1:      lightli_arrival_farm, layout_basic, grunt_decor_clamped
D:2:      layout_rooms, basic_altar

Skill      XL: |  1  2 |
---------------+-------+-----
Dodging        | 2 |  2.1
Fighting       | |  0.1
Stealth        | |  1.9
Unarmed Combat | |  0.7
Spellcasting   | |  2.2
Summonings     | |  4.7

Action                     || total
---------------------------++-------
  Melee: Unarmed           ||   100
         Tailslap          ||     8
         Punch             ||     2
         Flail             ||     6
   Cast: Summon Small Mamm ||    20
   Stab: Sleeping          ||     2
 Armour: Skin              ||    72
  Dodge: Dodged            ||   108

Table legend: (Time is in decaauts)
 A = Elapsed time spent in this place.
 B = Non-inter-level travel time spent in this place.
 C = Inter-level travel time spent in this place.
 D = Time resting spent in this place.
 E = Time spent auto-exploring this place.
 F = Levels seen in this place.
 G = Mean time per level.
                   A        B        C        D        E       F      G
               +--------+--------+--------+--------+--------+-----+--------+
         Total |   1304 |   1304 |      0 |    496 |    171 |   2 |  652.0 |
       Dungeon |   1304 |   1304 |      0 |    496 |    171 |   2 |  652.0 |
               +--------+--------+--------+--------+--------+-----+--------+

Top non-repeatable levels by time:
     D:1: 1195 daAuts
     D:2: 108 daAuts
